 Dungeon Crawl Stone Soup version 0.28-a0-476-g0f06bd746f (webtiles) character file.

Game seed: 12724145357729637952

18 bande the Skirmisher (level 2, -2/19 HPs)
             Began as a Gargoyle Fighter on Sept 16, 2021.
             Slain by a gnoll (4 damage)
             ... on level 1 of the Dungeon.
             The game lasted 00:01:24 (760 turns).

bande the Skirmisher (Gargoyle Fighter)              Turns: 760, Time: 00:01:25

Health: -2/19      AC:  9    Str: 19    XL:     2   Next: 70%
Magic:  2/2        EV:  9    Int:  8    God:
Gold:   26         SH:  4    Dex:  9    Spells: 1/1 levels left

rFire   . . .      SeeInvis .   a - +0 war axe
rCold   . . .      Faith    .   c - +0 buckler
rNeg    + . .      Spirit   .   b - +0 scale mail
rPois   ∞          Reflect  .   (no helmet)
rElec   +          Harm     .   (no cloak)
rCorr   .          Rampage  .   (no gloves)
Will    .....                   (no boots)
Stlth   ..........              (no amulet)
HPRegen 0.06/turn               (no ring)
MPRegen 0.08/turn               (no ring)

@: no status effects
A: sickness immunity, AC +2, negative energy resistance 1, electricity
resistance, torment resistance 1, petrification resistance
a: no special abilities


You were on level 1 of the Dungeon.
You visited 1 branch of the dungeon, and saw 2 of its levels.

You collected 26 gold pieces.

Inventory:

Hand Weapons
 a - a +0 war axe (weapon)
Armour
 b - a +0 scale mail (worn)
 c - a +0 buckler (worn)
Jewellery
 f - a ring of protection from fire
Scrolls
 i - 2 scrolls of enchant armour {unknown}
Potions
 d - a potion of might
 e - a potion of degeneration {unknown}
 g - a potion of berserk rage {unknown}
 h - a potion of brilliance {unknown}


   Skills:
 + Level 3.6 Fighting
 + Level 2.0 Axes
 + Level 3.5 Armour
 + Level 0.1 Dodging
 + Level 3.5 Shields


You had one spell level left.
You didn't know any spells.
Your spell library was empty.

Dungeon Overview and Level Annotations

Branches:
Dungeon (2/15)

Altars:

Shops:
D:1 *:[(


Innate Abilities, Weirdness & Mutations

You are immune to sickness and miasma.
Your stone body is resilient. (AC +2)
You are immune to poison.
You resist negative energy. (rN+)
You are resistant to electric shocks. (rElec)
You are resistant to unholy torment.
You are immune to petrification.


Message History

The bat misses you. You block the bat's attack.
You hit the bat.
You kill the bat!
Something unseen opens the door.
The hobgoblin barely misses you.
You closely miss the hobgoblin. You block the gnoll's attack.
A gnoll comes into view. It is wielding a +3 halberd.
The hobgoblin barely misses you. The gnoll hits you but does no damage.
You hit the hobgoblin.
The hobgoblin is severely wounded.
The hobgoblin closely misses you.
A gnoll comes into view. It is wielding a +0 club.
The gnoll completely misses you.
The gnoll shouts!
You slash the hobgoblin!
You kill the hobgoblin!
The gnoll hits you from afar with a +0 spear.
The gnoll hits you but does no damage.
Your Axes skill increases to level 2!
A dart slug comes into view.
You hit the gnoll.
The gnoll is moderately wounded.
The gnoll hits you from afar with a +3 halberd!
Ouch! That really hurt!
* * * LOW HITPOINT WARNING * * *
The gnoll barely misses you. The gnoll hits you but does no damage.
The gnoll closely misses you. The gnoll completely misses you.
The gnoll misses you.
The gnoll drinks a potion.
The gnoll seems to grow stronger.
There is a stone staircase leading up here.
The gnoll hits you but does no damage. The gnoll barely misses you.
You climb upwards.
There is a stone staircase leading down here.
You barely miss the gnoll. You block the gnoll's attack.
You slash the gnoll!
The gnoll is almost dead.
The gnoll completely misses you. The gnoll hits you with a +0 club.
You die...

..#....# #####.# ###.####
###..##.# #.# #...###.######
#.# #.###...##...#### #.#
##.##........#.(.## #.#
#..#........#.#...# #.#
#.##.......#...#..#
##.######.##......#..∩..#.#
##..............@...#...#..#
.....#####.####g..#..#.#...#
...### #.# ###.#...#....#
#### #.# #..#..####..# #
##.# ##.###......## # #..#
#..# #...#### # #.## #.##
#...# # ##.# #.# #...# #
###..#####.# #...#


You could see a gnoll.

Vanquished Creatures
  4 ball pythons (D:1)
  A giant cockroach (D:1)
  A goblin (D:1)
  A hobgoblin (D:2)
  4 kobolds (D:1)
  4 bats
  2 rats (D:1)
17 creatures vanquished.

Notes
Turn   | Place    | Note
-------+----------+-------------------------------------------
     0 | D:1      | bande the Gargoyle Fighter began the quest for the Orb.
     0 | D:1      | Reached XP level 1. HP: 14/14 MP: 1/1
    59 | D:1      | Found Zuepan's Book Boutique.
   146 | D:1      | Found Kafy's Armour Boutique.
   156 | D:1      | Reached XP level 2. HP: 18/19 MP: 2/2
   226 | D:1      | Found a faded altar of an unknown god.
   339 | D:1      | Found Kedwiano's Weapon Emporium.
   545 | D:1      | You fall into a shaft and drop 1 floor!
   596 | D:1      | Found Xuetz's General Store.
   760 | D:1      | Slain by a gnoll

Illustrated notes

Levels and vault maps discovered:
D:1:      lemuel_arrival_muddy, layout_rooms, basic_ecumenical_altar,
          serial_shops, nicolae_diamond_shop, nicolae_square_shop, shop,
          nicolae_shop_temple_entry_statues_fountains
D:2:      layout_basic

Skill      XL: |  1  2 |
---------------+-------+-----
Axes           | 2 |  2.0
Fighting       | |  3.6
Armour         | |  3.5
Dodging        | |  0.1
Shields        | |  3.5

Action                   || total
-------------------------++-------
Melee: War axe           ||    39
  Use: Scroll            ||     1
Armor: Scale mail        ||    19
Dodge: Dodged            ||    29
Block: Buckler           ||    12

Table legend: (Time is in decaauts)
 A = Elapsed time spent in this place.
 B = Non-inter-level travel time spent in this place.
 C = Inter-level travel time spent in this place.
 D = Time resting spent in this place.
 E = Time spent auto-exploring this place.
 F = Levels seen in this place.
 G = Mean time per level.
                   A        B        C        D        E       F      G
               +--------+--------+--------+--------+--------+-----+--------+
         Total |    780 |    780 |      0 |      0 |    648 |   2 |  390.0 |
       Dungeon |    780 |    780 |      0 |      0 |    648 |   2 |  390.0 |
               +--------+--------+--------+--------+--------+-----+--------+

Top non-repeatable levels by time:
     D:1: 750 daAuts
     D:2: 30 daAuts
